 Dungeon Crawl Stone Soup version 0.30.1-3-gfc49f6343a (webtiles) character file.

Game seed: 17146952474380509951

924 GeoRichter the Poker (level 7, -4/84 HPs)
             Began as a Demonspawn Warper on July 21, 2023.
             Slain by a gnoll sergeant
             ... wielding a +3 spear of venom
              (9 damage)
             ... on level 5 of the Dungeon.
             The game lasted 00:08:12 (4704 turns).

GeoRichter the Poker (Demonspawn Warper)            Turns: 4704, Time: 00:08:13

Health: -4/84      AC: 23    Str: 14    XL:     7   Next: 84%
Magic:  10/10      EV:  2    Int: 16    God:
Gold:   271        SH:  0    Dex: 12    Spells: 6/10 levels left

rFire   . . .        r - +2 dagger (elec)
rCold   . . .        (no shield)
rNeg    . . .        n - melded +0 shadow dragon scales
rPois   +            (helmet currently unavailable)
rElec   .            (cloak currently unavailable)
rCorr   +            (gloves currently unavailable)
SInv    .            (boots currently unavailable)
Will    .....        o - amulet of the acrobat
Stlth   +            e - ring of wizardry
HPRegen 0.34/turn    g - ring of resist corrosion
MPRegen 0.12/turn

%: acrobat, wizardry (x1)
@: mighty, lethally poisoned (-4 -> -16), tree-form, hasted, very quick
A: stationary, stasis, torment immunity, boosted hp, (claws 1), demonic guardian
1, ignite blood 1, big brain 1
a: no special abilities


You were on level 5 of the Dungeon.
You were a tree.
You visited 1 branch of the dungeon, and saw 5 of its levels.

You collected 271 gold pieces.

Inventory:

Hand Weapons
 a - a +0 spear
 r - a +2 dagger of electrocution (weapon)
   (You took it off a goblin on level 2 of the Dungeon)
Missiles
 d - 6 boomerangs of dispersal (quivered) {!f}
Armour
 b - a +0 leather armour
 k - a +0 ring mail
   (You found it on level 2 of the Dungeon)
 n - +0 shadow dragon scales (melded)
   (You found it on level 5 of the Dungeon)
 v - a +0 kite shield
   (You found it on level 4 of the Dungeon)
Jewellery
 e - a ring of wizardry (left branch)
   (You found it on level 1 of the Dungeon)
 g - a ring of resist corrosion (right branch)
   (You found it on level 2 of the Dungeon)
 o - an amulet of the acrobat (around neck)
   (You found it on level 3 of the Dungeon)
Scrolls
 c - 3 scrolls of blinking
 h - a scroll of fog {unknown}
 j - 3 scrolls of teleportation {@r4}
 m - a scroll of enchant armour {unknown}
 p - a scroll of identify {unknown}
 q - a scroll of noise {unknown}
 t - a scroll of enchant weapon {unknown}
 u - 2 scrolls of torment {unknown}
 y - a scroll of amnesia {unknown}
Potions
 i - a potion of curing {unknown}


   Skills:
 + Level 5.4 Fighting
 * Level 6.9 Polearms
 - Level 0.8 Throwing
 - Level 0.8 Armour
 - Level 1.7 Dodging
 - Level 2.0 Spellcasting
 - Level 2.6 Translocations


You had 6 spell levels left.
You knew the following spells:

 Your Spells              Type           Power      Damage    Failure   Level
a - Blink                 Tloc           20%        N/A       4%          2
b - Lesser Beckoning      Tloc           20%        N/A       4%          2

Your spell library contained the following spells:

 Spells                   Type           Power      Damage    Failure   Level
 Teleport Other           Tloc           10%        N/A       9%          3
 Vhi's Electric Charge    Tloc/Air       10%        N/A       14%         3
 Manifold Assault         Tloc           10%        N/A       26%         4


Dungeon Overview and Level Annotations

Branches:
Dungeon (5/15) Zot: 25316
 Temple: D:4-7

Altars:


Innate Abilities, Weirdness & Mutations

You are a tree.
Your roots penetrate the ground, keeping you stationary.
You cannot be teleported.
You are immune to unholy pain and torment.
Your maximum health is greatly increased.
Your equipment is partially melded.
((You have sharp fingernails.))
A weak demonic guardian rushes to your aid.
Your demonic aura sometimes causes spilled blood to erupt in flames.
You have an unusually large brain. (Int +2)


Message History

* * * LOW HITPOINT WARNING * * *
You feel extremely sick.
* * * LOW HITPOINT WARNING * * *
You feel very sick.
* * * LOW HITPOINT WARNING * * *
You feel very sick.
* * * LOW HITPOINT WARNING * * *
You feel very sick.
* * * LOW HITPOINT WARNING * * *
You feel sick.
It was a potion of lignification.
You turn into a tree.
Your +0 shadow dragon scales melds into your body.
Your roots penetrate the ground.
* * * LOW HITPOINT WARNING * * *
You feel very sick.
It was a potion of heal wounds.
You feel much better.
You feel sick.
Okay, then.
Okay, then.
Okay, then.
You aren't carrying any items that you can evoke.
Unknown command.
Okay, then.
Okay, then.
Okay, then.
As you read the scroll labelled GAILLUNEIG, it crumbles to dust.
The creatures around you are filled with an inner flame!
It was a scroll of immolation.
You feel sick.
The gnoll sergeant hits you from afar with a +3 spear of venom!
* * * LOW HITPOINT WARNING * * *
A demonic guardian appears!
It was a potion of flight.
Your roots keep you in place.
You feel sick.
The gnoll sergeant hits you but does no damage.
You are more poisoned.
The gnoll barely misses your iron imp.
It was a potion of might.
You feel very mighty all of a sudden.
You feel sick.
The gnoll hits your iron imp with a +0 flail.
The gnoll sergeant hits you but does no damage.
You are lethally poisoned!
The gnoll hits you but does no damage.
Your iron imp hits the gnoll sergeant but does no damage.
It was a potion of haste.
You feel yourself speed up.
* * * LOW HITPOINT WARNING * * *
You feel very sick. The gnoll hits you with a +0 flail.
* * * LOW HITPOINT WARNING * * *
A demonic guardian appears!
The gnoll hits you but does no damage.
The gnoll sergeant hits you from afar with a +3 spear of venom!
You die...

....# #.# #.## ### #.##.... #.###
#.# #g# #.. #.##.#.. #.# #.#
#g########.# #.##.##. #.# #.#
#g#......#.# #.##.### #.#
#.###...####.#.## #[#..^## #g#
#........g##....# #...#... #.#
#####.###g####..# #.#...##
#.########...##g####..# #.##.##
#..........#..g5♣5<...####.##.###
##########...##.###..............
##.................†.###
#########...######### ##.## ###


You could see a gnoll sergeant (inner flame, ally target), 3 gnolls, a friendly
iron imp (summoned) and a friendly quasit (summoned).

Vanquished Creatures
  An ice beast (D:4)
  An ogre (D:5)
  2 phantoms
  2 scorpions
  4 hounds
  Jessica (D:2)
  A sleepcap (D:5)
  A gnoll (D:5)
  5 adders
  An ufetubus (D:5)
  2 worms
  2 dart slugs
  An endoplasm (D:3)
  2 giant cockroaches
  8 goblins
  7 hobgoblins
  4 jackals
  3 kobolds
  A quokka (D:3)
  12 ball pythons
  7 bats
  A frilled lizard (D:1)
  5 rats
74 creatures vanquished.

Vanquished Creatures (collateral kills)
  A sky beast (D:4)
  An ogre (D:4)
  A worm (D:3)
  2 rats (D:3)
5 creatures vanquished.

Grand Total: 79 creatures vanquished

Notes
Turn   | Place    | Note
-------+----------+-------------------------------------------
     0 | D:1      | GeoRichter the Demonspawn Warper began the quest for the
                  | Orb.
     0 | D:1      | Reached XP level 1. HP: 16/16 MP: 3/3
    90 | D:1      | Reached skill level 2 in Polearms
   210 | D:1      | Gained mutation: Your demonic aura sometimes causes spilled
                  | blood to erupt in flames. [demonic ancestry]
   210 | D:1      | Reached XP level 2. HP: 15/22 MP: 5/5
   349 | D:1      | Learned a level 2 spell: Blink
   352 | D:1      | Learned a level 2 spell: Lesser Beckoning
   873 | D:2      | Gained mutation: You have sharp fingernails. [demonic
                  | ancestry]
   873 | D:2      | Reached XP level 3. HP: 28/28 MP: 6/6
  1090 | D:2      | Reached skill level 3 in Polearms
  1193 | D:2      | Noticed Jessica
  1195 | D:2      | Killed Jessica
  1250 | D:2      | Gained mutation: A weak demonic guardian rushes to your
                  | aid. [demonic ancestry]
  1250 | D:2      | Reached XP level 4. HP: 33/34 MP: 7/7
  2784 | D:4      | Noticed an ogre
  2926 | D:4      | Noticed a scorpion
  2951 | D:4      | Noticed a phantom
  2982 | D:3      | Reached skill level 4 in Polearms
  3199 | D:4      | Killed an ogre
  3200 | D:4      | Reached XP level 5. HP: 10/42 MP: 8/8
  3398 | D:4      | Killed a phantom
  3399 | D:4      | Reached skill level 5 in Polearms
  3399 | D:4      | Gained mutation: You have an unusually large brain. (Int
                  | +2) [demonic ancestry]
  3399 | D:4      | Reached XP level 6. HP: 40/48 MP: 9/9
  3530 | D:4      | Noticed an ice beast
  3550 | D:4      | Killed an ice beast
  3748 | D:4      | Noticed a sky beast
  4002 | D:4      | Killed a sky beast
  4003 | D:4      | Reached XP level 7. HP: 44/55 MP: 10/10
  4050 | D:5      | Entered Level 5 of the Dungeon
  4067 | D:5      | Reached skill level 6 in Polearms
  4175 | D:5      | Reached skill level 5 in Fighting
  4704 | D:5      | Slain by a gnoll sergeant

Illustrated notes

Levels and vault maps discovered:
D:1:      dpeg_arrival_rhombi, layout_basic, nrook_loot_triangle,
          chequers_serial_rivers_marsh
D:2:      layout_basic, minivault_4, nicolae_titane, uniq_jessica
D:3:      layout_loops_ring
D:4:      layout_cave_pools
D:5:      layout_loops_ring, grunt_temple_overflow_champion_of_chaos

Skill      XL: |  1  2  3  4  5  6  7 |
---------------+----------------------+-----
Polearms       | 2 3 4 5 6 |  6.9
Fighting       | 3 4 5 |  5.4
Throwing       | |  0.8
Armour         | |  0.8
Dodging        | |  1.7
Spellcasting   | |  2.0
Translocations | |  2.6

Action                     |  1- 3 |  4- 6 |  7- 9 || total
---------------------------+-------+-------+-------++-------
  Melee: Spear             |   133 |   168 |    15 ||   316
         Punch             |     1 |     2 |     2 ||     5
         Dagger            |       |    39 |    48 ||    87
  Throw: Dart              |       |    15 |     6 ||    21
         Boomerang         |       |       |     1 ||     1
    Use: Scroll            |       |     2 |     2 ||     4
         Potion            |       |       |     5 ||     5
   Stab: Sleeping          |     3 |       |     1 ||     4
 Armour: Leather armour    |    31 |       |       ||    31
         Ring mail         |     2 |    65 |     4 ||    71
         Shadow dragon sca |       |       |    17 ||    17
         Skin              |       |       |     4 ||     4
  Dodge: Dodged            |    52 |   115 |    18 ||   185
